 Dungeon Crawl Stone Soup version 0.31-a0-187-gba352fbbf7 (webtiles) character file.

Game seed: 7257103503194030943

300 qw the Skirmisher (level 6, 0/35 HPs)
             Began as a Deep Elf Hunter on June 22, 2023.
             Slain by Duvessa
             ... wielding a +0 rapier
              (12 damage)
             ... on level 4 of the Dungeon.
             The game lasted 00:01:15 (2874 turns).

qw the Skirmisher (Deep Elf Hunter)                 Turns: 2874, Time: 00:01:16

Health: 0/35       AC: 10    Str: 10    XL:     6   Next: 13%
Magic:  8/8        EV: 11    Int: 14    God:
Gold:   160        SH:  0    Dex: 18    Spells: 5/5 levels left

rFire   + . .        Y - +0 shortbow
rCold   + . .        (shield currently unavailable)
rNeg    . . .        d - +1 ring mail
rPois   .            (no helmet)
rElec   .            k - scarf {rC+ rF+}
rCorr   .            (no gloves)
SInv    .            (no boots)
Will    .....        j - amulet of the acrobat
Stlth   +            m - +4 ring of protection
HPRegen 0.25/turn    (no ring)
MPRegen 0.11/turn

%: acrobat
@: no status effects
A: no striking features
a: no special abilities


You were on level 4 of the Dungeon.
You visited 1 branch of the dungeon, and saw 4 of its levels.

You collected 199 gold pieces.
You spent 39 gold pieces at shops.


   Skills:
 - Level 2.1 Fighting
 + Level 9.4 Ranged Weapons
 - Level 2.5 Dodging
 - Level 1.2 Stealth


You had 5 spell levels left.
You didn't know any spells.
Your spell library was empty.

Inventory:

Hand Weapons
 Y - a +0 shortbow (weapon)
Armour
 d - a +1 ring mail (worn)
 k - a scarf of resistance (worn)
Jewellery
 j - an amulet of the acrobat (around neck)
 m - a +4 ring of protection (left hand)
Scrolls
 o - a scroll of identify
Potions
 a - a potion of mutation
 b - a potion of brilliance {unknown}
 c - a potion of degeneration {unknown}
 e - a potion of might
 f - a potion of ambrosia {unknown}
 h - a potion of magic {unknown}
 i - a potion of heal wounds {unknown}
 n - 2 potions of curing

Dungeon Overview and Level Annotations

Branches:
Dungeon (4/15)
 Temple: D:4-7

Altars:

Shops:
D:1 !:[

Annotations:
D:3 1 runed translucent door, Crazy Yiuf
D:4 Duvessa


Message History

You shoot an arrow. The arrow misses Dowan.
Dowan hits you but does no damage.
You shoot an arrow. The arrow closely misses Dowan.
Dowan points at you and mumbles some strange words.
You resist with some effort.
You shoot an arrow. The arrow barely misses Dowan.
Dowan hits you with a +0 dagger.
You shoot an arrow. The arrow closely misses Dowan.
Dowan hits you with a +0 dagger. x2
You shoot an arrow. The arrow hits Dowan.
You kill Dowan!
You hear a distant scream of rage.
You have reached level 6!
You start resting.
Duvessa, Sister of Dowan comes into view.
She is wielding a +0 rapier.
2862 ||| FLEEEEING.
2863 ||| STILL FLEEEEING.
You start resting.
Duvessa is nearby!
You shoot an arrow.
Duvessa shouts!
The arrow hits Duvessa but does no damage.
Duvessa goes berserk!
You shoot an arrow.
The arrow hits Duvessa but does no damage.
You shoot an arrow. The arrow hits Duvessa.
Duvessa is lightly wounded.
You shoot an arrow. The arrow hits Duvessa.
Duvessa is lightly wounded.
You shoot an arrow. The arrow barely misses Duvessa.
Duvessa hits you with a +0 rapier!
A kobold comes into view.
It is wielding a +0 whip and quivering poisoned darts.
You shoot an arrow.
The arrow hits Duvessa but does no damage.
Duvessa is lightly wounded.
Duvessa closely misses you. Duvessa hits you with a +0 rapier!
You shoot an arrow. The arrow hits Duvessa.
Duvessa is moderately wounded.
Duvessa hits you with a +0 rapier!
You die...

#.#....#
#.######.#
#........#
#..####### #..#
.... .. #..#
.....
...#####..##.K...
.....)...........
.......@e........
..........%.####
#........%###
##........).....#
#......#######.e
#......# ########


You could see Duvessa (berserk) and a kobold.

Vanquished Creatures
  Dowan (D:4)
  A sleepcap (D:4)
  4 orc wizards
  4 adders
  3 worms (D:2)
  A dart slug (D:1)
  7 orcs
  5 endoplasms
  7 giant cockroaches
  7 goblins
  8 hobgoblins
  3 jackals (D:3)
  4 kobolds
  5 ball pythons
  7 bats
  3 frilled lizards
  7 rats
  A spectral hobgoblin (D:1)
78 creatures vanquished.

Notes
Turn   | Place    | Note
-------+----------+-------------------------------------------
     0 | D:1      | qw the Deep Elf Hunter began the quest for the Orb.
     0 | D:1      | Reached XP level 1. HP: 12/12 MP: 3/3
     0 | D:1      | 0 ||| qw: Version: 0.3-a-9-g12657ce
     0 | D:1      | 0 ||| qw: Game counter: 2037
     0 | D:1      | 0 ||| qw: Always use a shield: true
     0 | D:1      | 0 ||| qw: God list: Okawaru
     0 | D:1      | 0 ||| qw: Allow faded altars: false
     0 | D:1      | 0 ||| qw: Do Orc after D:15 true
     0 | D:1      | 0 ||| qw: Do second Lair branch before Depths: true
     0 | D:1      | 0 ||| qw: Lair rune preference: random
     0 | D:1      | 0 ||| qw: Plans: Normal
     0 | D:1      | 0 ||| PLANNING D:1-11
   141 | D:1      | Reached XP level 2. HP: 16/16 MP: 4/4
   160 | D:1      | Reached skill level 6 in Ranged Weapons
   190 | D:1      | Found a faded altar of an unknown god.
   413 | D:1      | Found Tuth's Armour Shop.
   419 | D:1      | 419 ||| SHOPLISTING +0 cloak of willpower (115 gold, have
                  | 37).
   419 | D:1      | 419 ||| SHOPLISTING +0 ring mail (40 gold, have 37).
   419 | D:1      | 419 ||| SHOPLISTING +1 leather armour of poison resistance
                  | (110 gold, have 37).
   419 | D:1      | 419 ||| SHOPLISTING +4 ring mail of willpower (310 gold,
                  | have 37).
   592 | D:1      | Reached XP level 3. HP: 20/20 MP: 5/5
   771 | D:1      | Found Bebuim's Distillery.
   774 | D:1      | 774 ||| SHOPLISTING 2 potions of curing (78 gold, have 43).
   774 | D:1      | 774 ||| BUYING potion of curing (39 gold).
   774 | D:1      | Bought a potion of curing for 39 gold pieces
   774 | D:1      | 774 ||| SHOPLISTING potion of haste (130 gold, have 4).
   847 | D:1      | Found Rahaq's Book Boutique.
   853 | D:1      | 853 ||| UPGRADING to amulet of the acrobat.
   858 | D:1      | 858 ||| UPGRADING to +4 ring of protection.
   859 | D:1      | 859 ||| READING scroll labelled SEPOER GONULIN.
   860 | D:1      | 860 ||| READING scroll labelled QUIFOCH OGAREY.
   861 | D:1      | 861 ||| READING scroll labelled YJISIBB YVVA.
   862 | D:1      | 862 ||| READING 3 scrolls labelled IMNIST FIVUO.
   863 | D:1      | 863 ||| READING 2 scrolls labelled ECSUHE ZESMO.
   864 | D:1      | 864 ||| DROPPING scroll of butterflies.
   865 | D:1      | 865 ||| DROPPING 2 scrolls of fog.
   888 | D:2      | Identified the +11 spear of Uxeleden {flame, SInv}
   949 | D:2      | Reached skill level 7 in Ranged Weapons
  1301 | D:2      | Reached XP level 4. HP: 25/25 MP: 6/6
  1510 | D:2      | 1510 ||| READING 2 scrolls of identify.
  1510 | D:2      | 1510 ||| IDENTIFYING fuming orange potion
  1734 | D:3      | 1734 ||| FLEEEEING.
  1735 | D:3      | 1735 ||| FLEEEEING.
  1736 | D:3      | 1736 ||| FLEEEEING.
  1737 | D:3      | 1737 ||| FLEEEEING.
  1738 | D:3      | 1738 ||| FLEEEEING.
  1739 | D:3      | 1739 ||| FLEEEEING.
  1740 | D:3      | 1740 ||| FLEEEEING.
  1741 | D:3      | 1741 ||| FLEEEEING.
  1742 | D:3      | 1742 ||| FLEEEEING.
  1743 | D:3      | 1743 ||| FLEEEEING.
  1744 | D:3      | 1744 ||| FLEEEEING.
  1745 | D:3      | 1745 ||| FLEEEEING.
  1746 | D:3      | 1746 ||| FLEEEEING.
  1747 | D:3      | 1747 ||| FLEEEEING.
  1748 | D:3      | 1748 ||| FLEEEEING.
  1748 | D:3      | HP: 1/25 [something/puff of flame (9)]
  1749 | D:3      | 1749 ||| FLEEEEING.
  1750 | D:3      | 1750 ||| FLEEEEING.
  1751 | D:3      | 1751 ||| STAIRDANCE
  1845 | D:2      | 1845 ||| DRINKING 2 fizzy golden potions.
  1846 | D:2      | 1846 ||| DROPPING potion of attraction.
  1856 | D:3      | 1856 ||| STAIRDANCE
  1875 | D:2      | Reached skill level 8 in Ranged Weapons
  1957 | D:3      | 1957 ||| Stepping ~*~*~tactically~*~*~ (outnumbered).
  1961 | D:3      | 1961 ||| Stepping ~*~*~tactically~*~*~ (outnumbered).
  1980 | D:3      | 1980 ||| FLEEEEING.
  1981 | D:3      | 1981 ||| FLEEEEING.
  1982 | D:3      | 1982 ||| FLEEEEING.
  1983 | D:3      | 1983 ||| FLEEEEING.
  1984 | D:3      | 1984 ||| FLEEEEING.
  1985 | D:3      | 1985 ||| FLEEEEING.
  1986 | D:3      | 1986 ||| FLEEEEING.
  1987 | D:3      | 1987 ||| STAIRDANCE
  2035 | D:3      | Reached XP level 5. HP: 29/29 MP: 7/7
  2056 | D:3      | Reached skill level 9 in Ranged Weapons
  2675 | D:3      | Found a runed translucent door.
  2676 | D:3      | Noticed Crazy Yiuf
  2679 | D:3      | 2679 ||| UPGRADING to +0 ring mail.
  2689 | D:3      | 2689 ||| DROPPING +0 leather armour.
  2690 | D:3      | 2690 ||| UPGRADING to scarf of resistance.
  2695 | D:3      | 2695 ||| READING scroll of enchant armour.
  2695 | D:3      | 2695 ||| ENCHANTING +0 ring mail.
  2696 | D:3      | 2696 ||| READING 2 scrolls of identify.
  2696 | D:3      | 2696 ||| IDENTIFYING blue potion
  2757 | D:4      | 2757 ||| PLANNING OSSUARY
  2838 | D:4      | Noticed Dowan
  2858 | D:4      | Killed Dowan
  2859 | D:4      | Reached XP level 6. HP: 30/35 MP: 8/8
  2861 | D:4      | Noticed Duvessa
  2862 | D:4      | 2862 ||| FLEEEEING.
  2874 | D:4      | Slain by Duvessa

Levels and vault maps discovered:
D:1:      lightli_arrival_isolated_outpost, layout_loops_corners,
          dreamdust_ecumenical_altar_drowned_temple, serial_shops, shop,
          nicolae_shop_behind_doors, nicolae_shop_back_alley_shop,
          minmay_worlds_worst_comb
D:2:      layout_loops_ring
D:3:      layout_basic, serial_forest, infiniplex_forest_lined_room_2,
          infiniplex_forest_clump_long, infiniplex_forest_end_3,
          infiniplex_forest_lined_3, infiniplex_forest_lined_2,
          infiniplex_forest_lined_2, uniq_crazy_yiuf_cottage
D:4:      layout_basic, nicolae_gozag_cash_rules_everything_around_me,
          nicolae_ossuary_entry_false_entrances, uniq_duvessa, uniq_natasha

Skill      XL: |  1  2  3  4  5 |
---------------+----------------+-----
Ranged Weapons | 6 7 8 9 |  9.4
Fighting       | 2 |  2.1
Dodging        | |  2.5
Stealth        | |  1.2

Action                     |  1- 3 |  4- 6 || total
---------------------------+-------+-------++-------
   Fire: Shortbow          |   130 |   154 ||   284
    Use: Scroll            |     5 |     3 ||     8
         Potion            |       |     1 ||     1
 Armour: Leather armour    |     9 |    36 ||    45
         Ring mail         |       |    12 ||    12
  Dodge: Dodged            |    11 |    39 ||    50

Table legend:
 A = Non-vault XP
 B = Vault XP
 C = Vault XP percentage of total XP
 D = Non-vault monster count
 E = Vault monster count
 F = Vault count percentage of total count
                 A         B        C        D         E       F
            +---------+---------+-------+---------+---------+-------
      Total |     354 |      75 |  17.5 |      72 |       6 |   7.7
            +---------+---------+-------+---------+---------+-------
        D:1 |      45 |       9 |  16.7 |      25 |       5 |  16.7
        D:2 |      95 |       0 |   0.0 |      19 |       0 |   0.0
        D:3 |     144 |       0 |   0.0 |      22 |       0 |   0.0
        D:4 |      70 |      66 |  48.5 |       6 |       1 |  14.3
            +---------+---------+-------+---------+---------+-------
